[Event "Late-Titled-Tuesday-Blitz-April-30-2024"]
[Site "Chess.com"]
[Date "2024.04.30"]
[Round "1"]
[White "FMalexhdez"]
[Black "kemelgallo"]
[Result "0-1"]
[WhiteElo "2229"]
[BlackElo "2593"]
[TimeControl "180+1"]
[EndTime "14:06:31 PDT"]
[Termination "kemelgallo won on time"]

1. e4 c5 2. Nf3 d6 3. Bb5+ Bd7 4. Bxd7+ Qxd7 5. d4 cxd4 6. Nxd4 Nf6 7. Nc3 g6 8. O-O Bg7 9. f3 O-O 10. Be3 Nc6 11. Nb3 Ne5 12. Qe2 Rfc8 13. Nd2 d5 14. Rfd1 dxe4 15. Ndxe4 Qc6 16. Bd4 Nxe4 17. Qxe4 Qxe4 18.
fxe4 Nc4 19. Bxg7 Kxg7 20. Rd7 Nxb2 21. Nd5 e6 22. Nc7 Rab8 23. Rf1 Kh6 24. Rfxf7 Rh8 25.
Nxe6 Rbc8 26. Rc7 Rce8 27. Rfe7 Rxe7 28. Rxe7 Rc8 29. Rxb7 Rxc2 30. Nf8 Nd3 31. Rxh7+ Kg5 32. h4+ Kg4 33. Rg7 Nf4 34. Kf1 Kg3 0-1

[Event "Late-Titled-Tuesday-Blitz-April-30-2024"]
[Site "Chess.com"]
[Date "2024.04.30"]
[Round "1"]
[White "Attacker_2006"]
[Black "DominguezOnYoutube"]
[Result "0-1"]
[WhiteElo "2499"]
[BlackElo "2938"]
[TimeControl "180+1"]
[EndTime "14:06:32 PDT"]
[Termination "DominguezOnYoutube won by resignation"]

1. e4 e5 2. Nf3 Nc6 3. Bc4 Bc5 4. c3 Nf6 5. d4 exd4 6. cxd4 Bb4+ 7.
Bd2 Nxe4 8. Bxb4 Nxb4 9. Bxf7+ Kxf7 10. Qb3+ Kf8 11. Qxb4+ Qe7 12. Qxe7+ Kxe7 13. O-O Kd8 14. Re1 Nf6 15. Nc3 d6 16. Rac1 Bd7 17. Ng5 Re8 18. Nge4 Nxe4 19. Nxe4 h6 20. f3 Be6 21. a3 Kd7 22.
Kf2 a5 23. Nc3 Bb3 24. Rxe8 Rxe8 25. Re1 Rxe1 26. Kxe1 c5 27. dxc5 dxc5 28. Kd2 Kc6 29. Ke3 b5 30. Ke4 b4 31. Ne2 Bf7 32. Nf4 Kb5 33.
axb4 cxb4 34. Kd3 a4 35. Kc2 Kc4 36. Kb1 Kd4 37. Ne2+ Ke3 38. Nc1 b3 39. Ka1 g5 40.
h3 h5 41. g4 h4 42. f4 gxf4 43. Kb1 f3 0-1

[Event "Late-Titled-Tuesday-Blitz-April-30-2024"]
[Site "Chess.com"]
[Date "2024.04.30"]
[Round "1"]
[White "ATM622"]
[Black "dianamirza"]
[Result "1-0"]
[WhiteElo "2546"]
[BlackElo "1976"]
[TimeControl "180+1"]
[EndTime "14:06:32 PDT"]
[Termination "ATM622 won by checkmate"]

1. d4 Nf6 2. c4 c5 3. d5 b5 4. cxb5 a6 5. e3 g6 6. Nf3 Bg7 7.
Nc3 O-O 8. a4 axb5 9. Bxb5 Ba6 10. O-O Bxb5 11. Nxb5 d6 12. Re1 Nbd7 13. h3 Nb6 14. e4 Nfd7 15. Qc2 Ne5 16. Nxe5 Bxe5 17. Bh6 Bg7 18. Bxg7 Kxg7 19. a5 Nd7 20. Qc3+ Kg8 21.
f4 Qb8 22. Na3 Qb4 23. Nc4 Rfb8 24. e5 Ra6 25. g4 Rb5 26. exd6 exd6 27. Re8+ Nf8 28.
Rxf8+ Kxf8 29. Qh8+ Ke7 30. b3 Rb8 31. Qg7 Ra7 32.
Kf2 Kd8 33. Qf8+ Kc7 34. Qe7+ Kc8 35. Nxd6# 1-0

[Event "Late-Titled-Tuesday-Blitz-April-30-2024"]
[Site "Chess.com"]
[Date "2024.04.30"]
[Round "1"]
[White "ab-lsv"]
[Black "Evan_Attaker"]
[Result "0-1"]
[WhiteElo "2341"]
[BlackElo "2640"]
[TimeControl "180+1"]
[EndTime "14:06:36 PDT"]
[Termination "Evan_Attaker won by checkmate"]

1. d4 c5 2. d5 g6 3. e4 Bg7 4. c4 d6 5. Nc3 Nf6 6. Be2 O-O 7. Nf3 Na6 8. Be3 Rb8 9. Nd2 Nc7 10. O-O a6 11. a4 Bd7 12. a5 b5 13.
axb6 Rxb6 14. Qc2 Qb8 15. Ra2 e6 16. h3 Re8 17. Rd1 exd5 18. cxd5 Bb5 19. Bf3 Nd7 20. Bf4 Ne5 21. Bh2 Nc4 22. b3 Nxd2 23. Qxd2 Bd7 24.
Na4 Rb4 25. Bxd6 Bxa4 26. bxa4 Qb6 27. Bf4 c4 28. a5 Qb7 29. e5 c3 30. Qxc3 Rxf4 31.
d6 Nb5 32. Qe3 Rxf3 33. gxf3 Qd7 34. Kg2 Rxe5 35. Qb6 Rg5+ 36. Kf1 Qxh3+ 37. Ke2 Re5+ 38. Kd2 Qxf3 39. Re1 Qc3+ 40. Kd1 Rxe1# 0-1

[Event "Late-Titled-Tuesday-Blitz-April-30-2024"]
[Site "Chess.com"]
[Date "2024.04.30"]
[Round "1"]
[White "miaou33"]
[Black "JRenatoMaranhao"]
[Result "1-0"]
[WhiteElo "2548"]
[BlackElo "2038"]
[TimeControl "180+1"]
[EndTime "14:06:36 PDT"]
[Termination "miaou33 won on time"]

1. e4 c6 2. d4 d5 3. exd5 cxd5 4. Bd3 Nc6 5. c3 Nf6 6. h3 g6 7. Nf3 Bg7 8. O-O O-O 9. Bg5 Qb6 10. Qb3 Na5 11. Qxb6 axb6 12. Nbd2 Bf5 13. Bxf5 gxf5 14. Bxf6 Bxf6 15. Rfe1 b5 16. Ne5 Rfd8 17. a4 Nc4 18. Ndxc4 bxc4 19. f4 Ra5 20. b3 cxb3 21. Reb1 Rda8 22.
Rxb3 Rxa4 23. Rxa4 Rxa4 24. Rxb7 Ra3 25. Rc7 Ra1+ 26. Kh2 Rc1 27. g4 fxg4 28. hxg4 Kg7 29. Nf3 Rc2+ 30. Kg3 e6 31. g5 Bd8 32. Rd7 Ba5 33.
Ne5 Rxc3+ 34. Kg4 Rc7 35. Rd6 Rb7 36. f5 Bc7 37. Rd7 Ra7 38. Rxf7+ Kg8 39. fxe6 Bb6 40. Rxa7 Bxa7 41. e7 1-0

[Event "Late-Titled-Tuesday-Blitz-April-30-2024"]
[Site "Chess.com"]
[Date "2024.04.30"]
[Round "1"]
[White "Lady_Nika"]
[Black "Binary010"]
[Result "0-1"]
[WhiteElo "2493"]
[BlackElo "2910"]
[TimeControl "180+1"]
[EndTime "14:06:40 PDT"]
[Termination "Binary010 won by checkmate"]

1. e4 c5 2. Nc3 d6 3. g3 g6 4. Bg2 Bg7 5. d3 Nc6 6. f4 e6 7. Nf3 Nge7 8. O-O O-O 9. Ne2 f5 10. Rb1 b5 11. h3 Bb7 12. g4 fxe4 13.
dxe4 e5 14. f5 Nd4 15. Nfxd4 cxd4 16. Bg5 h6 17. Bh4 Bf6 18. Bxf6 Rxf6 19. Qd2 gxf5 20. gxf5 Kh7 21. Ng3 Qe8 22. Bf3 Rc8 23. Kh2 Qc6 24. Rf2 d5 25. Rg1 Rg8 26. Nh5 Rxg1 27. Nxf6+ Qxf6 28. Kxg1 dxe4 29. Qb4 exf3 30. Qxb5 Be4 31. Qc5 Nxf5 32. Qc7+ Kg6 33. Qc8 Qg5+ 34.
Kh1 Qc1+ 35. Kh2 Qf4+ 36. Kh1 Ng3+ 37. Kg1 Qc1+ 38. Kh2 Qh1+ 39. Kxg3 Qg1+ 40. Kh4 Qg5# 0-1

[Event "Late-Titled-Tuesday-Blitz-April-30-2024"]
[Site "Chess.com"]
[Date "2024.04.30"]
[Round "1"]
[White "MyDream003"]
[Black "emeli_chess"]
[Result "1/2-1/2"]
[WhiteElo "2831"]
[BlackElo "2475"]
[TimeControl "180+1"]
[EndTime "14:06:40 PDT"]
[Termination "Game drawn by repetition"]

1. e4 e5 2. Nf3 Nc6 3. Bb5 a6 4.
Ba4 Nf6 5. O-O Nxe4 6. d4 b5 7. Bb3 d5 8. dxe5 Be6 9. c3 Bc5 10. Nbd2 O-O 11. Bc2 Nxf2 12. Rxf2 f6 13. Nf1 Bxf2+ 14.
Kxf2 fxe5 15. Kg1 Bg4 16. Ne3 Be6 17. Bb3 e4 18. Nd4 Nxd4 19. cxd4 Qf6 20. Qd2 Rf7 21. Bd1 c5 22. h3 cxd4 23. Ng4 Bxg4 24. Bxg4 e3 25.
Qd3 Qf2+ 26. Kh2 Qf4+ 27. Kg1 Qf2+ 28. Kh2 Qf4+ 29. Kg1 Qf2+ 1/2-1/2

[Event "Late-Titled-Tuesday-Blitz-April-30-2024"]
[Site "Chess.com"]
[Date "2024.04.30"]
[Round "1"]
[White "traack"]
[Black "BardArtem"]
[Result "0-1"]
[WhiteElo "2437"]
[BlackElo "2782"]
[TimeControl "180+1"]
[EndTime "14:06:41 PDT"]
[Termination "BardArtem won by resignation"]

1. e4 c5 2. c3 d5 3. exd5 Nf6 4. d4 cxd4 5. Nf3 Nxd5 6. Bb5+ Bd7 7. Bxd7+ Qxd7 8. Qxd4 Nc6 9. Qd3 Qe6+ 10. Qe2 Qxe2+ 11. Kxe2 e5 12. Rd1 Nb6 13. a4 a6 14. a5 Nc4 15.
b4 f6 16. Nbd2 Nd6 17. Nf1 O-O-O 18. Ne3 Rd7 19. Nd5 Nc4 20. Be3 Ne7 21. Nb6+ Nxb6 22. Bxb6 Nd5 23. Kf1 Nxb6 24. axb6 Rxd1+ 25. Rxd1 Be7 26. Nd2 Rd8 27. Ke2 Kd7 28. Nc4+ Kc6 29. Rxd8 Bxd8 30.
Kd3 Bxb6 31. f3 Bc7 32. g4 g6 33. h4 b6 34. h5 a5 35. bxa5 bxa5 36. hxg6 hxg6 37.
Na3 Bd6 38. Nc2 a4 39. Kc4 f5 40. gxf5 gxf5 41. Ne3 a3 42. Kb3 f4 43. Nc4 e4 44.
fxe4 f3 45. Ne3 f2 46. e5 Bc5 47. Nf1 Kd5 48. e6 Kxe6 0-1

[Event "Late-Titled-Tuesday-Blitz-April-30-2024"]
[Site "Chess.com"]
[Date "2024.04.30"]
[Round "1"]
[White "dropstoneDP"]
[Black "kinga2008"]
[Result "1-0"]
[WhiteElo "3000"]
[BlackElo "2508"]
[TimeControl "180+1"]
[EndTime "14:06:42 PDT"]
[Termination "dropstoneDP won by resignation"]

1. e4 e5 2. Nf3 Nf6 3. Nxe5 d6 4. Nf3 Nxe4 5. Nc3 Nxc3 6. dxc3 Bf5 7. Nd4 Bg6 8. h4 Be7 9. h5 Be4 10. Qe2 Bc6 11. h6 g6 12. Bg5 Nd7 13. O-O-O Ne5 14. Bxe7 Qxe7 15. f4 Nd7 16. Qf2 O-O 17. Bd3 Rfe8 18.
Rhe1 Qf6 19. g4 Nc5 20. g5 Nxd3+ 21. cxd3 Qd8 22. Rxe8+ Bxe8 23. Re1 c5 24. Nc2 Bb5 25. Ne3 Bxd3 26. Nd5 Bb5 27. Nf6+ Kh8 28. Qe3 Qa5 29.
a3 Qa4 30. Qe4 Qb3 31. Qxb7 Rf8 32. Qe7 Rb8 33. Ne8 Kg8 34. Qf6 1-0

[Event "Late-Titled-Tuesday-Blitz-April-30-2024"]
[Site "Chess.com"]
[Date "2024.04.30"]
[Round "1"]
[White "Cacriefils1984"]
[Black "Yerkinio"]
[Result "0-1"]
[WhiteElo "2358"]
[BlackElo "2658"]
[TimeControl "180+1"]
[EndTime "14:06:42 PDT"]
[Termination "Yerkinio won by resignation"]

1. e4 c5 2. d4 cxd4 3. c3 d5 4. exd5 Qxd5 5. Nf3 Nc6 6. cxd4 e6 7. Nc3 Qd6 8. Bd3 Nf6 9. a3 Be7 10. O-O O-O 11. Bc2 b6 12. Qd3 h6 13. Nb5 Qd8 14. Bf4 Ba6 15. Rfd1 Qd5 16. Ba4 Rfd8 17. Rac1 Rac8 18. Ne5 Nxe5 19. Bxe5 Rxc1 20. Rxc1 Qxe5 21. dxe5 Rxd3 22. exf6 Bxf6 23. Rc7 Bxb5 24. Bxb5 Rd1+ 25. Bf1 a5 26. Rb7 Bd4 27. b3 Rd2 28. Bc4 Rxf2 29. h3 Rb2+ 30. Kh2 Be5+ 31. Kg1 Bg3 32. Kf1 Rf2+ 33.
Kg1 Ra2 34. Kf1 Rxa3 35. Rxb6 g6 36. Ke2 Be5 37. Ra6 Bc3 38. Ra7 Bb4 39. Kf3 Ra2 40. g4 Rc2 41. h4 Rc3+ 42. Ke4 Bc5 43. Ke5 Bxa7 0-1

[Event "Late-Titled-Tuesday-Blitz-April-30-2024"]
[Site "Chess.com"]
[Date "2024.04.30"]
[Round "1"]
[White "Atanejhad"]
[Black "Franmu14"]
[Result "1-0"]
[WhiteElo "2469"]
[BlackElo "2758"]
[TimeControl "180+1"]
[EndTime "14:06:44 PDT"]
[Termination "Atanejhad won by checkmate"]

1. d4 d5 2. c4 e6 3. Nc3 Nf6 4. Bg5 Nbd7 5. e3 Bb4 6. Nf3 c5 7. Qb3 O-O 8. Be2 h6 9. Bh4 Qa5 10. O-O Bxc3 11. bxc3 b6 12. Rfe1 Ba6 13. cxd5 exd5 14.
Bxa6 Qxa6 15. Bxf6 Nxf6 16. Ne5 Rfe8 17. a4 Ne4 18. a5 c4 19. Qb4 b5 20. f3 Nd2 21.
Nd7 Nb3 22. Nc5 Nxc5 23. Qxc5 Qb7 24. a6 Qd7 25. e4 dxe4 26. fxe4 Rac8 27. Qb4 Qc6 28. e5 Rcd8 29. Re3 Re6 30. Rg3 f6 31. exf6 Rd7 32. Rxg7+ Rxg7 33. fxg7 Kxg7 34. Rf1 Re2 35. Qf8+ Kg6 36. Qg8+ Kh5 37. Rf5+ Kh4 38. Rf4+ Kh5 39. Qg4# 1-0

[Event "Late-Titled-Tuesday-Blitz-April-30-2024"]
[Site "Chess.com"]
[Date "2024.04.30"]
[Round "1"]
[White "stasOR4ik"]
[Black "artin10862"]
[Result "0-1"]
[WhiteElo "2470"]
[BlackElo "2852"]
[TimeControl "180+1"]
[EndTime "14:06:45 PDT"]
[Termination "artin10862 won by resignation"]

1. e4 Nf6 2. e5 Nd5 3. Nf3 d6 4. exd6 cxd6 5. c4 Nb6 6. d4 g6 7. Nc3 Bg7 8. Be2 O-O 9. Bg5 Nc6 10. h3 h6 11. Be3 d5 12. c5 Nc4 13. Bc1 b6 14. b3 bxc5 15. bxc4 cxd4 16. Nxd5 d3 17. Bxd3 Bxa1 18. Bxh6 Qa5+ 19. Kf1 Bg7 20. Bxg7 Kxg7 21. Qa1+ f6 22. h4 Bg4 23. h5 gxh5 24. Nd4 Qd2 25. Nxc6 Qxd3+ 26. Kg1 e6 27. Ne3 Qe4 28. Nb4 Rad8 29.
Rh4 Qf4 30. Qe1 Qg5 31. g3 Rd7 32. Nc6 Rc8 33. Nb4 Rcd8 34. Kg2 Rd1 35. Nxg4 Rxe1 36.
Ne3 0-1

[Event "Late-Titled-Tuesday-Blitz-April-30-2024"]
[Site "Chess.com"]
[Date "2024.04.30"]
[Round "1"]
[White "Sergey_70"]
[Black "tptagain"]
[Result "0-1"]
[WhiteElo "2503"]
[BlackElo "2967"]
[TimeControl "180+1"]
[EndTime "14:06:46 PDT"]
[Termination "tptagain won by resignation"]

1. e4 c5 2. Nf3 Nc6 3. Bb5 e6 4.
Bxc6 bxc6 5. b3 f6 6. Bb2 Nh6 7. d3 e5 8. h3 Be7 9. O-O O-O 10. Nbd2 d6 11. Nh2 f5 12. f4 exf4 13. Rxf4 Bg5 14. Rf1 Be3+ 15. Kh1 Be6 16. Qe2 f4 17.
Nc4 Bxc4 18. bxc4 d5 19. cxd5 cxd5 20. Ng4 Nxg4 21. Qxg4 d4 22. g3 Rb8 23. Bc1 Rb6 24. gxf4 Rg6 25. Qh5 Rg5 26. Qe2 Rg3 27. Bxe3 Rxh3+ 28. Kg2 Qh4 29. Rf3 Rh2+ 30. Kg1 Rxe2 0-1

[Event "Late-Titled-Tuesday-Blitz-April-30-2024"]
[Site "Chess.com"]
[Date "2024.04.30"]
[Round "1"]
[White "ahkashefi2800"]
[Black "Iuckyducky"]
[Result "1-0"]
[WhiteElo "2585"]
[BlackElo "2214"]
[TimeControl "180+1"]
[EndTime "14:06:46 PDT"]
[Termination "ahkashefi2800 won on time"]

1. d4 Nf6 2. Nf3 e6 3. g3 Be7 4. Bg2 O-O 5. O-O d5 6. c4 c6 7. Nc3 Nbd7 8. a4 b6 9. b3 Ba6 10. Nd2 Rc8 11. Bb2 Re8 12. e3 e5 13. Re1 e4 14.
Rc1 Nf8 15. Bf1 Qd7 16. cxd5 Bxf1 17. dxc6 Qh3 18. Nxf1 Rxc6 19. Nxe4 Rxc1 20. Nxf6+ Bxf6 21. Qxc1 Ng6 22. Qc6 Rc8 23. Qg2 Qd7 24. Rc1 h5 25.
Qf3 h4 26. Nd2 Rxc1+ 27. Bxc1 h3 28. Nc4 Ne7 29. g4 Qc8 30. Qxh3 a6 31. Ba3 Nd5 32. Qf3 Qc7 33. Qxd5 b5 34. axb5 axb5 35. Qxb5 Qc8 36.
Qf5 Qc7 37. Qd5 Qc8 38. Qxf7+ Kxf7 39. Nd6+ 1-0

[Event "Late-Titled-Tuesday-Blitz-April-30-2024"]
[Site "Chess.com"]
[Date "2024.04.30"]
[Round "1"]
[White "DeTimmerman"]
[Black "PenguinPacks"]
[Result "1-0"]
[WhiteElo "2779"]
[BlackElo "2435"]
[TimeControl "180+1"]
[EndTime "14:06:48 PDT"]
[Termination "DeTimmerman won by resignation"]

1. b4 Nf6 2. Bb2 g6 3. c4 Bg7 4. e3 O-O 5. a4 d6 6. b5 e5 7. Nf3 a6 8. Nc3 axb5 9. axb5 Rxa1 10. Qxa1 Bf5 11. Be2 Nbd7 12. O-O Nc5 13. d4 exd4 14. Nxd4 Bd3 15. Rd1 Bxe2 16. Ndxe2 Qa8 17. f3 Nb3 18. Qb1 Qa7 19. Qd3 Re8 20. Nd4 Nc5 21. Qd2 Bh6 22. Re1 Nb3 23. Nxb3 Rxe3 24. Kf1 Rxf3+ 25. gxf3 Bxd2 26.
Nxd2 Qd4 27. Re2 Qd3 28. Ke1 Kf8 29. Nce4 Nh5 30. Nf6 Nxf6 31. Bxf6 Qc2 32. Kf2 h5 33. h4 Qd3 34. Bg5 d5 35. cxd5 Qxd5 36. Ne4 Qxb5 37.
Nf6 Qb6+ 38. Kg2 Kg7 39. Re8 Qb2+ 40. Kg3 1-0

[Event "Late-Titled-Tuesday-Blitz-April-30-2024"]
[Site "Chess.com"]
[Date "2024.04.30"]
[Round "1"]
[White "Nick12772"]
[Black "grzechu96"]
[Result "0-1"]
[WhiteElo "2431"]
[BlackElo "2772"]
[TimeControl "180+1"]
[EndTime "14:06:49 PDT"]
[Termination "grzechu96 won by resignation"]

1. Nf3 d5 2. g3 Bg4 3. Bg2 e6 4. O-O Nf6 5. b3 Be7 6. Bb2 O-O 7. d3 c6 8. Nbd2 a5 9. a3 h6 10. Re1 Bf5 11. h3 Nbd7 12. Kh2 Bh7 13. Rc1 Qb6 14.
Kg1 Rfe8 15. e3 Bf8 16. Bd4 Qc7 17. Bb2 e5 18. e4 Rad8 19. Qe2 Qb6 20. Rcd1 Bd6 21.
Rb1 Nc5 22. Nh4 Ne6 23. Qf3 Nd4 24. Bxd4 Qxd4 25. Ra1 Qc3 26. Qd1 Bc5 27. exd5 cxd5 28. Nf1 e4 29. Ne3 exd3 30. cxd3 Qxd3 31. Nef5 Bxf5 32.
Rxe8+ Rxe8 33. Nxf5 Qxf5 34. Qc2 Qxc2 0-1

[Event "Late-Titled-Tuesday-Blitz-April-30-2024"]
[Site "Chess.com"]
[Date "2024.04.30"]
[Round "1"]
[White "ShahxaibKhan"]
[Black "BabageldiAnnaberdiyev"]
[Result "0-1"]
[WhiteElo "2313"]
[BlackElo "2625"]
[TimeControl "180+1"]
[EndTime "14:06:51 PDT"]
[Termination "BabageldiAnnaberdiyev won on time"]

1. e4 e6 2. d4 d5 3. Nd2 Nf6 4. e5 Nfd7 5. Bd3 c5 6. c3 Nc6 7. Ne2 cxd4 8. cxd4 Qb6 9. O-O Nxd4 10. Nxd4 Qxd4 11. Nf3 Qb6 12. Qa4 Qb4 13. Qc2 Qc5 14. Qa4 Qb4 15. Qc2 Nc5 16. Bd2 Qa4 17. b3 Qa3 18. Bb5+ Bd7 19. Bxd7+ Nxd7 20. Qc7 Qa6 21. Rfc1 Be7 22. Bg5 h6 23. Be3 Rd8 24. Qc2 O-O 25.
Qd2 f5 26. Rc7 b6 27. Bxh6 gxh6 28. Qxh6 Rf7 29. Ng5 Qe2 30. Qxe6 Bxg5 31. Qg6+ Rg7 32. Qe6+ Kh8 0-1

[Event "Late-Titled-Tuesday-Blitz-April-30-2024"]
[Site "Chess.com"]
[Date "2024.04.30"]
[Round "1"]
[White "mr_gustavo"]
[Black "ChessFighter1975"]
[Result "1-0"]
[WhiteElo "2710"]
[BlackElo "2410"]
[TimeControl "180+1"]
[EndTime "14:06:52 PDT"]
[Termination "mr_gustavo won by resignation"]

1. b3 d5 2. Bb2 Nf6 3. Nf3 g6 4. e3 Bg7 5. c4 O-O 6. Nc3 c5 7. Nxd5 Nxd5 8. Bxg7 Kxg7 9. cxd5 Qxd5 10. Bc4 Qd6 11.
Qc2 Nc6 12. h3 e5 13. O-O b6 14. Rfd1 Bf5 15. Qb2 Be4 16. Ng5 Bd3 17. f4 Rae8 18. Rac1 f6 19. Bxd3 Qxd3 20. Nf3 exf4 21. exf4 Re2 22.
Re1 Rfe8 23. Qc3 Rxe1+ 24. Rxe1 Rxe1+ 25. Nxe1 Qd4+ 26. Qe3 Qxe3+ 27. dxe3 Nb4 28. a3 Nd5 29. Kf2 f5 30. Ke2 Kf6 31. Kd3 Ke6 32. Nc2 Kd6 33. b4 cxb4 34. axb4 a5 35. bxa5 bxa5 36. Kd4 Nb4 37.
Nxb4 axb4 38. Kc4 b3 39. Kxb3 Kd5 40. Kc3 Ke4 41. Kd2 h6 42. h4 h5 43. Ke2 Kd5 44.
Kd3 Kd6 45. e4 fxe4+ 46. Kxe4 Ke6 47. f5+ gxf5+ 48. Kf4 Kf6 49. g3 Kg6 50. Ke5 f4 51. gxf4 Kf7 52. Kf5 Kg7 53. Kg5 Kf7 54. Kxh5 Kf6 55.
Kg4 Kg6 56. h5+ Kf6 57. f5 Kg7 58. Kg5 Kh7 59. h6 Kg8 60. f6 Kh7 61. f7 1-0

[Event "Late-Titled-Tuesday-Blitz-April-30-2024"]
[Site "Chess.com"]
[Date "2024.04.30"]
[Round "1"]
[White "Synctel"]
[Black "DishonorOnYourCow"]
[Result "0-1"]
[WhiteElo "2017"]
[BlackElo "2547"]
[TimeControl "180+1"]
[EndTime "14:06:52 PDT"]
[Termination "DishonorOnYourCow won on time"]

1. d4 Nf6 2. Nf3 g6 3. Bf4 Bg7 4. e3 d5 5. Be2 O-O 6. O-O c5 7. c3 b6 8. Nbd2 Bb7 9. h3 Nc6 10. a4 Nd7 11. Bh2 e5 12. dxe5 Ndxe5 13. Nxe5 Nxe5 14.
Nf3 Nc6 15. Qc2 Qe7 16. Rfd1 Rfd8 17. Bb5 Rac8 18. Qe2 Na5 19. Ba6 Bxa6 20. Qxa6 Nb3 21. Rab1 Qd7 22. Qb5 Na5 23. Qxd7 Rxd7 24. Be5 Nc4 25.
Bxg7 Kxg7 26. b3 Na5 27. Kf1 Kf6 28. Ke2 Re8 29. g4 h6 30. Kd3 Nxb3 31. Kc2 Na5 32.
Nd2 d4 33. cxd4 cxd4 34. Nb3 Rc8+ 35. Kb2 Nc4+ 36. Ka2 d3 37. Nd4 Ne5 38. f4 Nc4 0-1

[Event "Late-Titled-Tuesday-Blitz-April-30-2024"]
[Site "Chess.com"]
[Date "2024.04.30"]
[Round "1"]
[White "IlanSchnaider"]
[Black "tgpgoat"]
[Result "0-1"]
[WhiteElo "2733"]
[BlackElo "2441"]
[TimeControl "180+1"]
[EndTime "14:06:54 PDT"]
[Termination "tgpgoat won by checkmate"]

1. e4 c5 2. Nf3 e6 3. g3 Nc6 4. Bg2 Nf6 5. Qe2 d6 6. O-O Be7 7. c3 O-O 8. d4 cxd4 9. cxd4 d5 10. e5 Ne4 11. Nbd2 Nxd2 12. Bxd2 Bd7 13. h4 h6 14.
a3 Rb8 15. Be3 b5 16. Nh2 b4 17. Ng4 bxa3 18. bxa3 Na5 19. Nxh6+ gxh6 20. Qg4+ Kh7 21. Qh5 f5 22. Qxh6+ Kg8 23. Rab1 Rxb1 24. Rxb1 Qe8 25. Bf3 Qf7 26. Bd2 Nc4 27. Bg5 Bxg5 28. Qxg5+ Qg7 29. Qf4 Ba4 30. Rb4 Bc2 31. Be2 a5 32. Rb5 a4 33. Rc5 Bb3 34. h5 Kh7 35. h6 Qxh6 36.
Rc7+ Kg6 37. Qf3 Qc1+ 38. Bf1 Qxf1+ 39. Kxf1 Nd2+ 40. Kg2 Nxf3 41. Kxf3 Rb8 42. g4 fxg4+ 43. Kxg4 Bd1+ 44. Kf4 Rb3 45. Re7 Rf3+ 46. Kg4 Rf7+ 47. Kh4 Rxe7 48. f4 Kf5 49. Kg3 Rg7+ 50. Kh4 Kxf4 51.
Kh3 Rg8 52. Kh2 Kf3 53. Kh1 Kf2 54. Kh2 Rh8# 0-1

[Event "Late-Titled-Tuesday-Blitz-April-30-2024"]
[Site "Chess.com"]
[Date "2024.04.30"]
[Round "1"]
[White "campochess"]
[Black "ELPRIMO0O0"]
[Result "0-1"]
[WhiteElo "2168"]
[BlackElo "2567"]
[TimeControl "180+1"]
[EndTime "14:06:54 PDT"]
[Termination "ELPRIMO0O0 won by resignation"]

1. e4 c5 2. b4 b6 3. a3 Nc6 4. b5 Nd4 5. c3 Ne6 6. Bc4 Bb7 7. Qb3 Bxe4 8. Bxe6 dxe6 9. Nf3 Bxf3 10. gxf3 Qd3 11. Rg1 Nf6 12. a4 Qxf3 13. Qd1 Qxd1+ 14. Kxd1 g6 15.
d3 Bg7 16. Kc2 O-O-O 17. Na3 Nd7 18. Bf4 e5 19. Be3 Nf6 20. a5 Nd5 21. Bd2 Kb7 22. Nc4 Rd7 23. axb6 axb6 24. Ra3 Ra8 25. Rga1 Rxa3 26.
Nxa3 Nf6 27. f3 Ne8 28. Re1 Nd6 29. c4 Nf5 30. Bc3 Nd4+ 31. Bxd4 Rxd4 32. Kd2 Bh6+ 33.
Ke2 Rh4 34. Rh1 Rh3 35. Nc2 Bf4 36. Ne3 Bxe3 37. Kxe3 Kc7 38. Ke4 Kd6 39. Ra1 f5+ 40. Ke3 Rxh2 41. f4 Rh3+ 42. Kd2 exf4 43. Ra7 Rh2+ 44.
Ke1 e5 45. Rb7 e4 46. Rxb6+ Ke5 47. Rc6 Kd4 48. b6 Rb2 49. Rd6+ Ke3 50. dxe4 fxe4 0-1

[Event "Late-Titled-Tuesday-Blitz-April-30-2024"]
[Site "Chess.com"]
[Date "2024.04.30"]
[Round "1"]
[White "LeninGuerra"]
[Black "Zapateado"]
[Result "0-1"]
[WhiteElo "2659"]
[BlackElo "2392"]
[TimeControl "180+1"]
[EndTime "14:06:55 PDT"]
[Termination "Zapateado won by checkmate"]

1. e4 c5 2. Nf3 g6 3. c3 Nf6 4.
Bd3 Bg7 5. O-O O-O 6. h3 Nc6 7. Bc2 d5 8. e5 Nd7 9. d4 cxd4 10.
cxd4 e6 11. a3 f6 12. exf6 Qxf6 13. Bg5 Qf7 14. Nc3 b6 15. Qd2 Ba6 16. Rfe1 Rac8 17. Rac1 Na5 18. b3 Rc7 19. Na4 Rfc8 20. Bh4 Bb5 21. Ng5 Qf6 22. Rxe6 Qxd4 23. Qe1 Qxh4 24. Re8+ Nf8 25. Rxc8 Rxc8 26. Ne6 Qe7 27. Nxg7 Qxe1+ 28. Rxe1 Rxc2 29. Ne8 Bxe8 30. Rxe8 b5 31. b4 Nb3 32.
Nc5 Nxc5 33. bxc5 Rxc5 34. Re7 d4 35. Kf1 Rc3 36. Rxa7 Ne6 37. g3 Nc5 38. Ke2 Rc2+ 39. Kf3 d3 40. Ra8+ Kf7 41. Rd8 Ke6 42. Ke3 Rc3 43. Kd4 Rc4+ 44. Ke3 Re4+ 45. Kd2 Re2+ 46. Kd1 Rxf2 47. Rb8 Ne4 48. Rxb5 Rf1# 0-1

[Event "Late-Titled-Tuesday-Blitz-April-30-2024"]
[Site "Chess.com"]
[Date "2024.04.30"]
[Round "1"]
[White "GoltsevDmitry2000"]
[Black "cthulhuuu"]
[Result "1-0"]
[WhiteElo "2799"]
[BlackElo "2443"]
[TimeControl "180+1"]
[EndTime "14:06:56 PDT"]
[Termination "GoltsevDmitry2000 won on time"]

1. e4 d6 2. d4 Nf6 3. Nc3 c6 4.
a4 e5 5. dxe5 dxe5 6. Qxd8+ Kxd8 7. Nf3 Bb4 8. Bd2 Bxc3 9. Bxc3 Nxe4 10. Bxe5 Re8 11. O-O-O+ Nd7 12. Bd4 f6 13. Bd3 Kc7 14. Rhe1 Nd6 15. Bxh7 Nb6 16. b3 Bg4 17. Bg6 Bxf3 18.
gxf3 Rxe1 19. Rxe1 Kd7 20. c4 c5 21. Bxc5 Rc8 22. Ba3 Nbxc4 23. bxc4 Rxc4+ 24. Kb2 Rd4 25. Bxd6 Kxd6 26. Bc2 Rd2 27. Rf1 Kc5 28. Kc3 Re2 29.
Kd3 Re7 30. Rb1 b6 31. Rb5+ Kc6 32. h4 Rd7+ 33. Kc3 Re7 34. Be4+ Kd6 35. h5 Rc7+ 36.
Kd4 Rc1 37. a5 Rd1+ 38. Ke3 Kc7 39. a6 Re1+ 40. Kf4 Ra1 41. Bb7 Ra4+ 42. Kf5 Rh4 43. Kg6 Rh2 44. Kxg7 Rxf2 45. h6 Rxf3 46. Bxf3 1-0

[Event "Late-Titled-Tuesday-Blitz-April-30-2024"]
[Site "Chess.com"]
[Date "2024.04.30"]
[Round "1"]
[White "WilsonPalencia21"]
[Black "AryanTari"]
[Result "0-1"]
[WhiteElo "2509"]
[BlackElo "3005"]
[TimeControl "180+1"]
[EndTime "14:06:57 PDT"]
[Termination "AryanTari won by resignation"]

1. d4 d5 2. c4 e6 3. Nf3 Nf6 4. Nc3 h6 5. cxd5 exd5 6. Bf4 Bd6 7. e3 O-O 8. Be2 Bxf4 9. exf4 Qd6 10. Ne5 c5 11.
dxc5 Qxc5 12. O-O a6 13. Rc1 Qd6 14. Bf3 Be6 15. Ne2 Nc6 16. Nxc6 bxc6 17. Qd4 Rfb8 18. b3 Nd7 19. Qd3 c5 20. Rfd1 Nf6 21. f5 Bd7 22. Bxd5 Nxd5 23. Qxd5 Qxd5 24. Rxd5 Bb5 25. Nf4 c4 26.
bxc4 Bxc4 27. Rd2 Rb4 28. g3 Bb5 29. Nd5 Re4 30. Ne3 h5 31. h4 Rae8 32. Rc7 Rb4 33. Rdc2 Bd3 34. Rc8 Rxc8 35. Rxc8+ Kh7 36. f3 Rb1+ 37.
Kh2 Rb2+ 38. Kh3 Rxa2 39. g4 Ra3 40. Kg3 Bb5 41. Rc7 Rxe3 0-1

[Event "Late-Titled-Tuesday-Blitz-April-30-2024"]
[Site "Chess.com"]
[Date "2024.04.30"]
[Round "1"]
[White "marianokar"]
[Black "Mischuk_D"]
[Result "0-1"]
[WhiteElo "2442"]
[BlackElo "2802"]
[TimeControl "180+1"]
[EndTime "14:06:57 PDT"]
[Termination "Mischuk_D won on time"]

1. e4 e6 2. d4 d5 3. exd5 exd5 4. Bd3 Nf6 5. h3 c5 6. Nf3 c4 7. Be2 Bd6 8. O-O O-O 9. b3 cxb3 10. axb3 Nc6 11. c4 h6 12. Nc3 Bf5 13. Ba3 Bxa3 14. Rxa3 Re8 15. Re1 a6 16. Ra1 Qd6 17. c5 Qd7 18.
Na4 Qc7 19. Bd3 Rxe1+ 20. Nxe1 Bxd3 21. Qxd3 Re8 22. Nc2 Qf4 23. Nc3 Qg5 24. Ne3 Nb4 25.
Qd2 Qg6 26. Ne2 Nc6 27. Nf4 Qe4 28. Ne2 Qe7 29. Nc3 Qd7 30. Rd1 Ne4 31. Nxe4 Rxe4 32. Qc3 Qe6 33. b4 f5 34. Nc2 Qf6 35. Qd3 f4 36. f3 Re7 37. Kf1 Kf7 38. Re1 Rxe1+ 39. Kxe1 Qg5 40. Qe2 Qf5 41. Kd2 Qxc2+ 42. Kxc2 Nxd4+ 43.
Kd3 Nxe2 44. Kxe2 Ke6 45. Kd3 Ke5 46. Kc3 g5 47. Kd3 h5 48. Kc3 d4+ 49. Kc4 g4 50. hxg4 hxg4 51. Kd3 gxf3 52. gxf3 Kd5 0-1